 Dungeon Crawl Stone Soup version 0.30-a0-1116-gebefce21f7 (webtiles) character file.

Game seed: 15461859449710335244

4445 funkygono the Cleaver (level 10, -10/90 HPs)
             Began as a Minotaur Fighter on Apr 21, 2023.
             Was a Believer of Okawaru.
             Killed by vampiric draining
             ... invoked by a vampire
              (17 damage)
             ... on level 7 of the Dungeon.
             The game lasted 00:14:05 (6680 turns).

funkygono the Cleaver (Minotaur Fighter)            Turns: 6680, Time: 00:14:05

Health: -10/90     AC: 25    Str: 24    XL:     10   Next: 15%
Magic:  9/9        EV: 12    Int:  5    God:    Okawaru [**....]
Gold:   289        SH:  0    Dex: 11    Spells: 9/9 levels left

rFire   . . .      SeeInvis .    a - +1 war axe
rCold   . . .      Faith    .    c - +0 buckler
rNeg    . . .      Spirit   .    n - +0 plate armour
rPois   .          Reflect  .    (helmet restricted)
rElec   .          Rampage  .    B - +1 cloak {rCorr}
rCorr   +                        J - +1 Delatra's gloves {ID++}
Will    .....                    j - +1 pair of boots Stlth
                                 (no amulet)
HPRegen 0.35/turn                b - +5 ring of evasion
MPRegen 0.11/turn                p - +4 ring of protection

@: confused, mighty
A: horns 2, retaliatory headbutt
a: Renounce Religion, Heroism


You were on level 7 of the Dungeon.
You worshipped Okawaru.
Okawaru was pleased with you.
You visited 2 branches of the dungeon, and saw 8 of its levels.
You also visited: Ossuary.

You collected 534 gold pieces.
You spent 245 gold pieces at shops.

Inventory:

Hand Weapons
 a - a +1 war axe (weapon)
Missiles
 g - 7 poisoned darts (quivered)
 D - 3 boomerangs
Armour
 c - a +0 buckler (worn)
 j - a +1 pair of boots (worn)
 n - a +0 plate armour (worn)
 B - a +1 cloak of preservation (worn)
 J - the +1 Delatra's gloves (worn) {ID++}
   (You found it in an ossuary)

   ID++:      It heals its wearer when they drink unknown potions, and restores
   their MP when they read unknown scrolls.
Jewellery
 b - a +5 ring of evasion (left hand)
 p - a +4 ring of protection (right hand)
 s - a ring "Sarou" {Fly rN+ rCorr Int-5}
   (You took it off a kobold on level 3 of the Dungeon)

   [ring of resist corrosion]

   Int:       It affects your intelligence (-5).
   rN:        It protects you from negative energy.
   Fly:       It grants you flight.
   rCorr:     It protects you from acid and corrosion.
 w - a +5 ring of evasion
 y - a ring of willpower
Wands
 o - a wand of roots (13)
 t - a wand of digging (10)
 v - a wand of flame (36)
 A - a wand of paralysis (8)
Scrolls
 f - 4 scrolls of teleportation
 k - a scroll of amnesia
 E - 2 scrolls of poison {unknown}
 F - 2 scrolls of enchant weapon
 G - a scroll of fog
 H - a scroll of magic mapping
 I - a scroll of butterflies {unknown}
 K - a scroll of enchant armour
 L - 4 scrolls of identify
Potions
 e - a potion of berserk rage {unknown}
 h - 5 potions of mutation
 i - 6 potions of curing {unknown}
 l - 3 potions of brilliance
 m - 4 potions of resistance
 q - a potion of flight {unknown}
 r - 2 potions of haste
 u - 2 potions of invisibility {unknown}
 x - a potion of cancellation {unknown}
 z - 2 potions of lignification {unknown}
 C - 2 potions of degeneration {unknown}
 M - a potion of attraction {unknown}


   Skills:
 + Level 8.4 Fighting
 + Level 12.6 Axes
 + Level 8.7 Armour
 + Level 2.1 Dodging
 + Level 1.1 Stealth
 + Level 6.5 Shields


You had 9 spell levels left.
You didn't know any spells.
Your spell library contained the following spells:

 Spells                   Type           Power      Damage    Failure   Level
 Apportation              Tloc           0%         N/A       100%        1
 Magic Dart               Conj           0%         1d3       100%        1
 Necrotise                Necr           0%         1d4       100%        1
 Cigotuvi's Dreadful Rot  Necr/Pois/Air  0%         N/A       100%        2
 Searing Ray              Conj           0%         2d4       100%        2
 Ignite Poison            Fire/Tmut/Pois 0%         N/A       100%        3
 Fulminant Prism          Conj/Hex       0%         3d5       100%        4
 Freezing Cloud           Conj/Ice/Air   0%         6-21      100%        5
 Storm Form               Tmut/Air       0%         N/A       100%        7
 Maxwell's Capacitive Co  Air            0%         ∞         100%        8
 Summon Small Mammal      Summ           Unusable   N/A       N/A         1
 Summon Lightning Spire   Summ/Air       Unusable   N/A       N/A         4

Dungeon Overview and Level Annotations

Branches:
Dungeon (7/15)             Temple (1/1) D:4         Ossuary (visited)

Altars:
Ashenzari
Cheibriados
Elyvilon
Fedhas
Hepliaklqana
Kikubaaqudgha
Makhleb
Nemelex Xobeh
Okawaru
Qazlal
Ru
Sif Muna
Trog
Uskayaw
Wu Jian
Xom
Yredelemnul
The Shining One

Shops:
D:2 (:=:[   D:3 !   D:5 [(   D:7 =

Annotations:
D:4 3 runed translucent doors, PsyCrow's ghost, amateur DEEE


Innate Abilities, Weirdness & Mutations

You have a pair of horns on your head.
You reflexively headbutt those who attack you in melee.


Message History

You miss something. Something hits you but does no damage.
Something bites you but does no damage.
You completely miss something. Your headbutt misses something.
Something hits you but does no damage. Something bites you.
Something draws strength from your injuries!
You completely miss something. Your headbutt misses something.
Something hits you but does no damage. Something bites you.
Something draws strength from your injuries!
You hit something.
You hear some strange, mumbled words.
Something tries to affect you, but you resist.
You barely miss something. Your headbutt misses something.
Something barely misses you. Something bites you but does no damage.
You slash something! You headbutt something.
Something hits you but does no damage. Something bites you.
Something draws strength from your injuries!
You closely miss something. Something hits you but does no damage.
You block something's attack.
You barely miss something. You slash something!
Something hits you but does no damage. Something bites you but does no damage.
You closely miss something. Your headbutt misses something.
Something hits you but does no damage. Something barely misses you.
You barely miss something. Something draws life force from you!
* * * LOW HITPOINT WARNING * * *
You hit something but do no damage. You headbutt something.
You hear some strange, mumbled words.
You are confused.
You feel very mighty all of a sudden. Something draws life force from you!
* * * LOW HITPOINT WARNING * * *
You bump into the crystal wall.
Something hits you!
* * * LOW HITPOINT WARNING * * *
Something completely misses you.
Okay, then.
You bump into the crystal wall.
You hear some strange, mumbled words.
Something tries to affect you, but you resist.
You slash something! Something draws life force from you!
You die...

.#.##.......#..........).#.##.###
.'.#################.....#.#.....
.#.## #.....#.###### ##..# #
#...{.#.(...# ....# .##
#.....#B###.# ....# #.####
#.....#.°...# ...)# #.##.##
#.....#..°..# ....#.# #.#.#.#
#.....#.....# ....#.#
#.#.#@##......#.....# ....#.+
#.#.#{#'......#.....# ....#.#
#.#.#÷)##########.#.# ....#.#
#.#.#..#...Bg..##.#.# ....#.##
#.#.#.####'###h.#.#.# ....#..##
#.#.####..° ##.C...#
....#...#####)## #.##. ##g...#
..##..###.....###. .C ##h..#
..#..##.#.#.####.## .h #[..##


There were no monsters in sight!

Vanquished Creatures
  A two-headed ogre (D:7)
  An ugly thing (D:7)
  Prince Ribbit (D:5)
  Grinder (D:5)
  Sigmund (D:4)
  A wraith (D:7)
  A steam dragon (D:7)
  Menkaure (D:5)
  Edmund (D:3)
  3 ice beasts
  Duvessa (D:6)
  An orc warrior (D:5)
  A sky beast (D:7)
  An ogre (D:5)
  2 phantoms
  2 kobold brigands
  A gnoll sergeant (D:7)
  2 scorpions
  A water moccasin zombie (Ossuary)
  5 wights
  Dowan (D:6)
  A bullfrog zombie (Ossuary)
  2 gnoll boudas (D:4)
  3 centaur zombies (Ossuary)
  Crazy Yiuf (D:3)
  3 hounds
  2 orc priests
  4 iguanas
  2 orc wizards
  13 gnolls
  7 adders
  A white imp (D:4)
  4 adder zombies (Ossuary)
  2 worms
  A dart slug (D:5)
  23 orcs
  6 bats
  6 endoplasms
  A giant cockroach (D:4)
  6 gnoll zombies (Ossuary)
  5 goblins
  3 hobgoblins
  9 jackals
  7 quokkas
  7 ball pythons
  13 frilled lizards
  2 goblin zombies (Ossuary)
  3 hobgoblin zombies (Ossuary)
  9 kobolds
  An orc zombie (Ossuary)
  12 rats
189 creatures vanquished.

Vanquished Creatures (others)
  8 plants (D:6)
8 creatures vanquished.

Grand Total: 197 creatures vanquished

Notes
Turn   | Place    | Note
-------+----------+-------------------------------------------
     0 | D:1      | funkygono the Minotaur Fighter began the quest for the Orb.
     0 | D:1      | Reached XP level 1. HP: 19/19 MP: 0/0
    62 | D:1      | Reached XP level 2. HP: 27/27 MP: 1/1
   450 | D:1      | Reached XP level 3. HP: 31/33 MP: 2/2
   520 | D:2      | Found Nenih's Book Shoppe.
   543 | D:2      | Found Ecurhuim's Jewellery Emporium.
   571 | D:2      | Found Diriw's Weapon Shop.
   683 | D:2      | Reached skill level 3 in Axes
   802 | D:2      | Found an ancient bone altar of Kikubaaqudgha.
   833 | D:2      | Reached XP level 4. HP: 41/41 MP: 3/3
   891 | D:2      | Found Erhalirph's Book Boutique.
  1110 | D:2      | You fall into a shaft and drop 1 floor!
  1188 | D:2      | Found Liytoska's Armour Shop.
  1259 | D:3      | Found Gofiohih's Distillery.
  1265 | D:3      | Bought a potion of heal wounds for 65 gold pieces
  1387 | D:3      | Found a runed translucent door.
  1388 | D:3      | Noticed Crazy Yiuf
  1439 | D:3      | Reached skill level 1 in Dodging
  1569 | D:3      | Found a faded altar of an unknown god.
  1576 | D:3      | Identified a ring "Sarou" {Fly rN+ rCorr Int-5}
  1606 | D:3      | Found a shimmering altar of Xom.
  1606 | D:3      | Found a blossoming altar of Fedhas.
  1729 | D:3      | Reached skill level 4 in Axes
  1867 | D:3      | Found a burning altar of Makhleb.
  2176 | D:3      | Killed Crazy Yiuf
  2177 | D:3      | Reached XP level 5. HP: 30/47 MP: 4/4
  2291 | D:4      | Noticed Edmund
  2302 | D:3      | Killed Edmund
  2303 | D:3      | Reached skill level 5 in Axes
  2303 | D:3      | Reached skill level 1 in Stealth
  2303 | D:3      | Reached XP level 6. HP: 30/53 MP: 5/5
  2401 | D:4      | Found a runed translucent gate.
  2401 | D:4      | Found a runed translucent gate.
  2445 | D:4      | Found a hazy altar of Hepliaklqana.
  2529 | D:4      | Found a staircase to the Ecumenical Temple.
  2534 | Temple   | Entered the Ecumenical Temple
  2617 | D:4      | Noticed Sigmund
  2626 | D:4      | Killed Sigmund
  2627 | D:4      | Reached skill level 5 in Fighting
  2627 | D:4      | Reached skill level 5 in Armour
  2641 | D:4      | Reached skill level 6 in Axes
  2741 | D:4      | Found a runed translucent gate.
  2743 | D:4      | Noticed PsyCrow's ghost (amateur DEEE)
  2769 | D:4      | Reached XP level 7. HP: 61/61 MP: 6/6
  2966 | D:5      | Entered Level 5 of the Dungeon
  2989 | D:5      | Noticed Grinder
  2995 | D:5      | Paralysed by Grinder for 4 turns
  3000 | D:5      | Killed Grinder
  3116 | D:5      | Reached skill level 7 in Axes
  3129 | D:5      | Found Cechy's Antique Armour Emporium.
  3131 | D:5      | Noticed Prince Ribbit
  3145 | D:5      | Killed Prince Ribbit
  3146 | D:5      | Reached skill level 8 in Axes
  3146 | D:5      | Reached XP level 8. HP: 63/70 MP: 7/7
  3362 | D:4      | Reached skill level 5 in Shields
  3545 | D:5      | Noticed Menkaure
  3554 | D:5      | Killed Menkaure
  3834 | D:5      | Reached skill level 9 in Axes
  4050 | D:5      | Found a bloodstained altar of Trog.
  4051 | D:5      | Found a stormy altar of Qazlal.
  4110 | D:5      | Found Jafiabru's Antique Weapon Shoppe.
  4148 | D:5      | Bought a runed cloak for 180 gold pieces
  4224 | D:6      | Identified the +7 whip of Suicidal Tendencies {speed, rPois
                  | rC+ rN+++ Str-4}
  4350 | D:6      | Noticed Duvessa
  4352 | D:6      | Noticed Dowan
  4365 | D:6      | Killed Duvessa
  4369 | D:6      | Killed Dowan
  4370 | D:6      | Reached skill level 10 in Axes
  4370 | D:6      | Reached XP level 9. HP: 73/78 MP: 8/8
  5139 | D:7      | Found a sand-covered staircase.
  5144 | Ossuary  | Entered an ossuary
  5263 | Ossuary  | Found the +1 Delatra's gloves {ID++}
  5272 | Ossuary  | Noticed a silent spectre
  5537 | D:7      | Found an iron altar of Okawaru.
  5545 | D:7      | Became a worshipper of Warmaster Okawaru
  5548 | D:7      | Lost intelligence.
  5791 | D:7      | Noticed a white ugly thing
  5793 | D:7      | Noticed a cyclops
  5793 | D:7      | Noticed a boulder beetle
  5801 | D:7      | Reached skill level 11 in Axes
  5810 | D:7      | Killed a white ugly thing
  5810 | D:7      | Reached * piety under Okawaru
  5828 | D:7      | Found Xoocs's Jewellery Shop.
  6145 | D:7      | Reached skill level 12 in Axes
  6447 | D:7      | Reached ** piety under Okawaru
  6520 | D:7      | Noticed a two-headed ogre
  6528 | D:7      | Killed a two-headed ogre
  6529 | D:7      | Reached XP level 10. HP: 52/90 MP: 9/9
  6680 | D:7      | Killed from afar by a vampire

Illustrated notes

Levels and vault maps discovered:
D:1:      minmay_arrival_wavy_path, layout_rooms, minmay_domino_2
D:2:      layout_basic, basic_altar, serial_shops, shop, shop,
          nicolae_shop_bloodbath_and_beyond, shop, nicolae_shop_real_fake_doors,
          minmay_rat_gold_closets
D:3:      layout_loops_ring, lightli_temple_of_fire,
          amethyst_overflow_temple_binary,
          shapermc_ecumenical_altar_totnotflames, serial_shops, shop,
          uniq_crazy_yiuf_cottage
D:4:      layout_cave_pools, nicolae_overflow_crystal_walls, temple_doors_e,
          ebering_ghost_rock_garden, uniq_sigmund, uniq_edmund
D:5:      layout_basic, mainiacjoe_overflow_divided_tiny, serial_shops, shop,
          kennysheep_mini, serial_park_tiny_1, nrook_mini_vaults,
          hangedman_glass_garden, grunt_ministairs_1, dk_noncrumbling_3,
          uniq_menkaure, uniq_grinder, uniq_prince_ribbit1
D:6:      layout_rooms, minmay_lizard_king, uniq_duvessa
D:7:      minmay_the_grid_octo_triangle [minmay_the_grid_octo_clover,
          minmay_the_grid_octo_prize_ultimate_mussel_roller,
          minmay_the_grid_octo_toaster], layout_basic,
          okawaru_altar_gauntlet_db, enter_ossuary_2, serial_shops,
          nicolae_shop_statue_plus, hangedman_decor_diamond_cutter
Temple:   eino_wide_crystal_templ

Skill      XL: |  1  2  3  4  5  6  7  8  9 |
---------------+----------------------------+-----
Fighting       | 4 5 6 8 |  8.4
Axes           | 3 4 5 6 8 10 12 | 12.6
Armour         | 4 5 6 7 8 |  8.7
Shields        | 4 5 6 |  6.5
Dodging        | 1 2 |  2.1
Stealth        | 1 |  1.1

Action                     |  1- 3 |  4- 6 |  7- 9 | 10-12 || total
---------------------------+-------+-------+-------+-------++-------
  Melee: War axe           |    65 |    97 |   306 |    22 ||   490
         Headbutt          |     5 |    13 |    64 |     3 ||    85
  Throw: Dart              |       |       |       |     1 ||     1
    Use: Scroll            |     6 |     4 |     7 |       ||    17
         Potion            |       |       |     2 |     1 ||     3
   Stab: Distracted        |     1 |       |       |       ||     1
 Armour: Scale mail        |    48 |     3 |       |       ||    51
         Plate armour      |       |    35 |   153 |    19 ||   207
  Dodge: Dodged            |    34 |    41 |   145 |     3 ||   223
  Block: Buckler           |    17 |    23 |    60 |     3 ||   103

Table legend: (Time is in decaauts)
 A = Elapsed time spent in this place.
 B = Non-inter-level travel time spent in this place.
 C = Inter-level travel time spent in this place.
 D = Time resting spent in this place.
 E = Time spent auto-exploring this place.
 F = Levels seen in this place.
 G = Mean time per level.
                   A        B        C        D        E       F      G
               +--------+--------+--------+--------+--------+-----+--------+
         Total |   6752 |   6552 |    200 |    222 |   4893 |   9 |  750.2 |
       Dungeon |   6511 |   6318 |    193 |    222 |   4788 |   7 |  930.1 |
        Temple |     51 |     44 |      7 |      0 |     37 |   1 |   51.0 |
       Ossuary |    189 |    189 |      0 |      0 |     68 |   1 |  189.0 |
               +--------+--------+--------+--------+--------+-----+--------+

Top non-repeatable levels by time:
     D:7: 1285 daAuts
     D:3: 1158 daAuts
     D:5: 1120 daAuts
     D:6: 1024 daAuts
     D:2: 737 daAuts
     D:4: 654 daAuts
     D:1: 530 daAuts
 Ossuary: 189 daAuts
  Temple: 51 daAuts
